 Dungeon Crawl Stone Soup version 0.28-a0-1152-g9c71ebef14 (webtiles) character file.

Game seed: 6566059189964222348

763 emperorscorpion the Ruffian (level 7, -2/37 HPs)
             Began as a Vine Stalker Fighter on Dec 14, 2021.
             Succumbed to a hornet's poison
             ... on level 5 of the Dungeon.
             The game lasted 00:05:32 (4047 turns).

emperorscorpion the Ruffian (Vine Stalker Fighter)  Turns: 4047, Time: 00:05:32

Health: -2/37      AC:  8    Str: 18    XL:     7   Next: 81%
Magic:  1/8        EV: 10    Int:  8    God:
Gold:   257        SH:  5    Dex: 16    Spells: 6/6 levels left

rFire   . . .      SeeInvis .     - Unarmed
rCold   . . .      Faith    .   b - +0 buckler
rNeg    . . .      Spirit   +   a - +0 scale mail
rPois   .          Reflect  .   (no helmet)
rElec   .          Harm     .   (no cloak)
rCorr   +          Rampage  .   g - +0 pair of gloves
Will    .....                   (no boots)
Stlth   ..........              (no amulet)
HPRegen 0.92/turn               j - ring of resist corrosion
MPRegen 0.11/turn               (no ring)

@: lethally poisoned (-2 -> -13), slowed, very slow
A: fangs 2, regeneration 1, magic shield, antimagic bite, no potion heal 2
a: no special abilities


You were on level 5 of the Dungeon.
You visited 1 branch of the dungeon, and saw 5 of its levels.

You collected 257 gold pieces.

Inventory:

Missiles
 c - 8 poisoned darts (quivered)
Armour
 a - a +0 scale mail (worn)
 b - a +0 buckler (worn)
 g - a +0 pair of gloves (worn)
 l - the +1 cloak of Fibliur {rC+ Int+2 Dex-5}
   (You found it on level 4 of the Dungeon)

   Int:       It affects your intelligence (+2).
   Dex:       It affects your dexterity (-5).
   rC:        It protects you from cold.
Jewellery
 j - a ring of resist corrosion (left hand)
Wands
 n - a wand of digging (2)
Scrolls
 d - 2 scrolls of identify {unknown}
 e - a scroll of fog {unknown}
 f - 2 scrolls of enchant weapon
 h - a scroll of torment
 i - a scroll of fear {unknown}
 k - a scroll of holy word {unknown}
Potions
 m - a potion of heal wounds {unknown}


   Skills:
 + Level 3.8 Fighting
 + Level 0.3 Throwing
 + Level 4.5 Armour
 + Level 1.1 Dodging
 + Level 1.2 Stealth
 + Level 3.7 Shields
 + Level 5.4 Unarmed Combat


You had 6 spell levels left.
You didn't know any spells.
Your spell library contained the following spells:

 Spells                   Type           Power      Damage    Failure   Level
 Animate Skeleton         Necr           0%         N/A       80%         1
 Apportation              Tloc           0%         N/A       80%         1
 Magic Dart               Conj           0%         1d3       80%         1
 Summon Small Mammal      Summ           0%         N/A       80%         1
 Searing Ray              Conj           0%         2d4       90%         2
 Fulminant Prism          Conj/Hex       0%         3d6       100%        4


Dungeon Overview and Level Annotations

Branches:
Dungeon (5/15)
 Temple: D:4-7

Altars:
Cheibriados
Uskayaw


Innate Abilities, Weirdness & Mutations

You have extremely sharp teeth.
Your natural rate of healing is unusually fast.
When hurt, damage is shared between your health and your magic reserves.
Your bite disrupts and absorbs the magic of your enemies.
Potions cannot restore your health.


Message History

A bullfrog zombie comes into view.
You hit the hornet but do no damage. You bite the hornet. You drain its power.
The hornet is lightly wounded.
You block the hornet's attack.
You hit the hornet. You bite the hornet. You drain its power.
The hornet is heavily wounded.
The hornet barely misses you.
You closely miss the hornet.
The hornet is heavily wounded.
The hornet closely misses you. x2
You closely miss the hornet.
The hornet is heavily wounded.
The hornet stings you but does no damage.
You hit the hornet.
The hornet is severely wounded.
The hornet closely misses you. The hornet barely misses you.
You closely miss the hornet. Your bite misses the hornet.
The hornet is severely wounded.
The hornet stings you!
You feel yourself slow down.
You closely miss the hornet. You bite the hornet. You drain its power.
You feel invigorated.
The hornet is severely wounded.
The hornet stings you!
You are poisoned.
You feel as though you will be slow longer.
The hornet stings you!
You are lethally poisoned!
You feel as though you will be slow longer.
You closely miss the hornet. You bite the hornet. You drain its power.
You feel invigorated.
The hornet is severely wounded.
* * * LOW HITPOINT WARNING * * *
You feel extremely sick.
The hornet stings you but does no damage.
The hornet stings you!
* * * LOW HITPOINT WARNING * * *
You feel as though you will be slow longer.
You miss the hornet. Your bite misses the hornet.
The hornet is severely wounded.
You die...

#.#
#.......
#.#
#.......
#.#
#.......
#.#
#.......
#.#
#######+
#.# # #.#
.####
#.###(.....
#..@yZ.....
#####...?..
....( ....
... ##


You could see a hornet and a bullfrog zombie.

Vanquished Creatures
  A black bear (D:4)
  4 scorpions (D:5)
  A howler monkey (D:5)
  2 bullfrog zombies (D:3)
  2 centaur zombies (D:5)
  A hound (D:4)
  2 jellies
  9 adders
  4 gnolls (D:5)
  An ufetubus (D:5)
  2 worms (D:2)
  A dart slug (D:4)
  3 ball pythons
  9 endoplasms
  3 giant cockroaches
  4 hobgoblins
  5 quokkas
  A bat (D:3)
  3 frilled lizards
  4 goblins
  10 kobolds
  2 rats (D:3)
  A toadstool (D:2)
75 creatures vanquished.

Vanquished Creatures (others)
  4 fungi (D:2)
  2 toadstools (D:2)
6 creatures vanquished.

Grand Total: 81 creatures vanquished

Notes
Turn   | Place    | Note
-------+----------+-------------------------------------------
     0 | D:1      | emperorscorpion the Vine Stalker Fighter began the quest
                  | for the Orb.
     0 | D:1      | Reached XP level 1. HP: 11/11 MP: 2/2
   400 | D:1      | Reached XP level 2. HP: 16/16 MP: 3/3
   474 | D:1      | Found a faded altar of an unknown god.
  1241 | D:2      | Reached XP level 3. HP: 4/19 MP: 1/4
  1838 | D:2      | Gained mutation: Your natural rate of healing is unusually
                  | fast. [Vine Stalker growth]
  1838 | D:2      | Reached XP level 4. HP: 24/24 MP: 5/5
  2049 | D:2      | Reached skill level 3 in Unarmed Combat
  2594 | D:3      | Reached XP level 5. HP: 24/28 MP: 4/6
  2975 | D:4      | Identified the +1 cloak of Fibliur {rC+ Int+2 Dex-5}
  3048 | D:4      | Reached XP level 6. HP: 26/32 MP: 4/7
  3220 | D:4      | Found a hide-covered altar of Uskayaw.
  3383 | D:4      | Noticed a black bear
  3396 | D:4      | Killed a black bear
  3397 | D:4      | Reached skill level 4 in Unarmed Combat
  3409 | D:5      | Entered Level 5 of the Dungeon
  3412 | D:5      | Found a snail-covered altar of Cheibriados.
  3473 | D:5      | Reached XP level 7. HP: 29/37 MP: 6/8
  3665 | D:5      | Reached skill level 1 in Dodging
  3736 | D:5      | Reached skill level 5 in Unarmed Combat
  3774 | D:5      | Reached skill level 1 in Stealth
  4034 | D:5      | Noticed a hornet
  4046 | D:5      | HP: 1/37 [hornet (8)]
  4047 | D:5      | Succumbed to a hornet's poison

Illustrated notes

Levels and vault maps discovered:
D:1:      nzn_arrival_depleted_hourglass, layout_basic,
          ebering_ecumenical_altar_rust, minmay_pentomino_w2
D:2:      layout_loops_ring, roderic_serpentine_path, nrook_mini_vaults,
          grunt_decor_mini_mirrors, minmay_gold_behind_fungi
D:3:      layout_basic
D:4:      layout_rooms, mainiacjoe_overflow_surrounded_room
D:5:      layout_basic, mainiacjoe_overflow_boulevard, nrook_loot_triangle

Skill      XL: |  1  2  3  4  5  6  7 |
---------------+----------------------+-----
Armour         | 3 4 |  4.5
Fighting       | 3 |  3.8
Unarmed Combat | 3 4 5 |  5.4
Shields        | 3 |  3.7
Dodging        | 1 |  1.1
Stealth        | 1 |  1.2
Throwing       | |  0.3

Action                   |  1- 3 |  4- 6 |  7- 9 || total
-------------------------+-------+-------+-------++-------
Melee: Unarmed           |    84 |   158 |    85 ||   327
       Bite              |    27 |    53 |    34 ||   114
Throw: Dart              |       |       |     5 ||     5
  Use: Scroll            |     1 |       |     1 ||     2
       Potion            |     1 |     2 |       ||     3
Armor: Scale mail        |    27 |    55 |    30 ||   112
Dodge: Dodged            |    29 |    70 |    36 ||   135
Block: Buckler           |    12 |    32 |    29 ||    73

Table legend: (Time is in decaauts)
 A = Elapsed time spent in this place.
 B = Non-inter-level travel time spent in this place.
 C = Inter-level travel time spent in this place.
 D = Time resting spent in this place.
 E = Time spent auto-exploring this place.
 F = Levels seen in this place.
 G = Mean time per level.
                   A        B        C        D        E       F      G
               +--------+--------+--------+--------+--------+-----+--------+
         Total |   4031 |   3896 |    135 |    122 |   3118 |   5 |  806.2 |
       Dungeon |   4031 |   3896 |    135 |    122 |   3118 |   5 |  806.2 |
               +--------+--------+--------+--------+--------+-----+--------+

Top non-repeatable levels by time:
     D:1: 1126 daAuts
     D:2: 1117 daAuts
     D:3: 699 daAuts
     D:5: 631 daAuts
     D:4: 457 daAuts
